 Dungeon Crawl Stone Soup version 0.21.1-1-g345015f (webtiles) character file.

34078 Solrac the Basher (level 14, -5/116 HPs)
             Began as a Formicid Fighter on Mar 9, 2018.
             Was an Elder of the Shining One.
             Slain by a catoblepas (12 damage)
             ... on level 6 of the Lair of Beasts on Mar 13, 2018.
             The game lasted 01:32:58 (13821 turns).

Solrac the Basher (Formicid Fighter)               Turns: 13821, Time: 01:32:58

Health: -5/116     AC: 16    Str: 24    XL:     14   Next: 11%
Magic:  0/19       EV:  2    Int:  9    God:    the Shining One [****..]
Gold:   1002       SH:  0    Dex: 14    Spells: 13/13 levels left

rFire    . . .     SeeInvis +   B - +2 morningstar (freeze)
rCold    + . .     Gourm    .   c - +0 shield
rNeg     + + +     Faith    .   t - +4 moon troll leather armour {Spirit, Regen++ MP+5}
rPois    ∞         Spirit   +   (helmet unavailable)
rElec    .         Reflect  +   E - +2 cloak {MR+}
rCorr    .         Harm     .   J - +0 pair of gloves {Str+3}
MR       ++...                  M - +0 pair of boots
Stlth    +.........             h - +5 amulet of reflection
HPRegen  1.09/turn              U - ring of poison resistance
MPRegen  0.16/turn              L - ring of protection from cold

@: petrified, glowing
A: permanent stasis, dig shafts and tunnels, four strong arms, antennae 3
a: Dig, Shaft Self, Divine Shield, Cleansing Flame, Renounce Religion


You were on level 6 of the Lair of Beasts.
You worshipped the Shining One.
The Shining One was greatly pleased with you.
You were not hungry.

You visited 2 branches of the dungeon, and saw 17 of its levels.
You also visited: Sewer and Bailey.

You collected 1002 gold pieces.

Inventory:

Hand Weapons
 p - a +0 great mace
 B - a +2 morningstar of freezing (weapon)
Missiles
 l - 364 stones (quivered)
 F - a throwing net
 N - 9 tomahawks
 R - 4 exploding tomahawks
Armour
 c - a +0 shield (worn)
 t - the +4 moon troll leather armour (worn) {Spirit, Regen++ MP+5}
   (You found it on level 4 of the Dungeon)

   It affects your magic capacity (+5).
   It increases your rate of regeneration.
 w - the +2 pair of gloves of Geniah {rN+}
   (You found it on level 7 of the Dungeon)

   It protects you from negative energy.
 E - a +2 cloak of magic resistance (worn)
 G - a +0 plate armour
 I - the +5 plate armour of Axzuuf {rN+ Str+2 Int+3 Dex+2, unknown}
   (You found it in a bailey)

   It affects your strength (+2).
   It affects your intelligence (+3).
   It affects your dexterity (+2).
   It protects you from negative energy.
 J - a +0 pair of gloves of strength (worn)
 M - a +0 pair of boots (worn)
Jewellery
 h - a +5 amulet of reflection (around neck)
 q - a +3 ring of intelligence
 H - an uncursed ring of wizardry
 L - a ring of protection from cold (right hand)
 U - a ring of poison resistance (left hand)
Wands
 b - a wand of iceblast (10)
 o - a wand of digging (15)
 y - a wand of acid (28)
 z - a wand of enslavement (34)
 O - a wand of disintegration (40)
Scrolls
 a - a scroll of noise {unknown}
 n - 2 scrolls of enchant armour
 x - 2 scrolls of magic mapping
 A - a scroll of fog
 C - a scroll of amnesia
 D - 2 scrolls of immolation
 S - 2 scrolls of remove curse
 T - 2 scrolls of fear
 W - a scroll of blinking {unknown}
 Z - a scroll of identify
Potions
 d - 4 potions of might
 e - 8 potions of curing
 g - 6 potions of mutation
 i - 2 potions of flight {unknown}
 k - a potion of cancellation {unknown}
 m - a potion of lignification {unknown}
 s - 6 potions of heal wounds
 u - 5 potions of haste
 v - a potion of brilliance {unknown}
 K - a potion of magic {unknown}
 P - a potion of ambrosia {unknown}
 Q - a potion of agility {unknown}
Books
 j - a book of Transfigurations

   Spells                             Type                      Level
   a - Irradiate                      Conjuration/Transmutation    5
   b - Statue Form                    Transmutation/Earth          6
   c - Hydra Form                     Transmutation                6
   d - Dragon Form                    Transmutation                7
 Y - a book of Cantrips

   Spells                             Type                      Level
   a - Confusing Touch                Hexes                        1
   b - Animate Skeleton               Necromancy                   1
   c - Summon Small Mammal            Summoning                    1
   d - Apportation                    Translocation                1
Miscellaneous
 r - a sack of spiders
 X - a box of beasts
Comestibles
 f - 25 rations
 V - 10 chunks of flesh


   Skills:
 + Level 12.5 Fighting
 - Level 14.0 Maces & Flails
 + Level 12.5 Armour
 + Level 4.4 Dodging
 - Level 10.0 Shields


You had 13 spell levels left.
You didn't know any spells.

Dungeon Overview and Level Annotations

Branches:
Dungeon (11/15)            Temple (0/1) D:6            Lair (6/6) D:8
 Shoals (0/4) Lair:2       Spider (0/4) Lair:3          Orc (0/2) D:11
  Slime: Lair:5-6

Altars:
Ashenzari
Dithmenos
Fedhas
Gozag
Kikubaaqudgha
Sif Muna
Trog
The Shining One
Beogh

Shops:
D:4 *

Annotations:
D:10 daodarkstar's ghost, journeyman DsFi


Innate Abilities, Weirdness & Mutations

You cannot be hasted, slowed, berserked, paralysed or teleported.
You can dig through walls and to a lower floor.
Your four strong arms can wield two-handed weapons with a shield.
You have a pair of large antennae on your head. (SInv)


Message History

The blast of calcifying dust hits you!
You are engulfed in calcifying dust.
The catoblepas breathes a plume of calcifying dust at you.
The blast of calcifying dust hits you!
You are engulfed in calcifying dust. x2
The catoblepas gores you!! The yak gores you but does no damage.
You are engulfed in calcifying dust.
The catoblepas gores you!!
* * * LOW HITPOINT WARNING * * *
The yak gores you!
* * * LOW HITPOINT WARNING * * *
The manticore stops moving altogether!
The catoblepas gores you!!
* * * LOW HITPOINT WARNING * * *
The yak gores you.
* * * LOW HITPOINT WARNING * * *
The catoblepas gores you!!
* * * LOW HITPOINT WARNING * * *
The yak gores you.
* * * LOW HITPOINT WARNING * * *
The catoblepas gores you!!
You die...

.(# ## ...# Y#
.##.... . ......#
#. ##...# ##..
##..# #P..# #HY##
### ##..P###Y##
###.##
#......Y@####....##
..###.....##......#
###...#...÷..##
##.....##..#
###.###...#
#######...##
#..###...##
#......## ##......
###......###.......


You could see a catoblepas, a manticore (petrified) and 2 yaks.

Vanquished Creatures
  The ghost of jazmu the Cleaver, a journeyman DsHu of Okawaru (Lair:1)
  3 hydras
  A catoblepas (Lair:6)
  2 two-headed ogres
  7 death yaks
  Sonja (Lair:3)
  Urug (Lair:2)
  A manticore (Lair:2)
  3 elephants (Lair:4)
  3 black mambas
  Joseph (Lair:1)
  2 rime drakes
  11 spiny frogs
  4 komodo dragons
  A polar bear (Lair:5)
  Prince Ribbit (D:7)
  10 blink frogs
  7 dream sheep (Lair:6)
  5 hippogriffs
  3 redbacks (Lair:3)
  Sigmund (D:6)
  22 yaks
  Eustachio (D:6)
  2 hungry ghosts
  A basilisk (Lair:4)
  Grum (Lair:1)
  Menkaure (D:7)
  7 water moccasins
  11 porcupines
  2 ice beasts
  A necrophage (D:6)
  6 orc warriors
  4 black bears
  5 wolves
  3 ogres
  11 crocodiles
  2 big kobolds
  13 bullfrogs
  A water moccasin zombie (D:6)
  A wyvern skeleton (D:8)
  4 killer bees (D:8)
  2 scorpions
  2 electric eels (Lair:5)
  3 crimson imps
  3 centaur skeletons
  2 hounds
  6 orc wizards
  4 orc priests
  4 jellies
  Crazy Yiuf (D:6)
  A bullfrog skeleton (D:4)
  2 iguanas (D:10)
  8 worker ants
  A worker ant zombie (D:8)
  16 adders
  A river rat (D:6)
  2 shadow imps (D:5)
  4 oozes
  An adder zombie (D:6)
  An adder skeleton (D:8)
  3 worms
  A dart slug (D:3)
  A leopard gecko (D:8)
  58 orcs
  8 giant cockroaches
  13 goblins
  8 hobgoblins
  6 jackals
  A quokka (D:5)
  5 ball pythons
  10 bats
  7 frilled lizards
  2 giant cockroach zombies (D:6)
  2 goblin skeletons (D:5)
  A goblin zombie (D:5)
  A hobgoblin zombie (D:5)
  A jackal skeleton (D:6)
  19 kobolds
  A kobold zombie (D:5)
  2 leopard gecko skeletons
  An orc skeleton (D:5)
  An orc zombie (D:5)
  A quokka skeleton (D:5)
  10 rats
  2 fungi
  2 plants
399 creatures vanquished.

Vanquished Creatures (others)
  A centaur (D:6)
  A kobold (Sewer)
  9 fungi
  9 plants
20 creatures vanquished.

Grand Total: 419 creatures vanquished

Notes
Turn   | Place    | Note
-------+----------+-------------------------------------------
     0 | D:1      | Solrac the Formicid Fighter began the quest for the Orb.
     0 | D:1      | Reached XP level 1. HP: 18/18 MP: 1/1
   347 | D:1      | Reached XP level 2. HP: 24/24 MP: 2/2
   774 | D:1      | You fall through a shaft!
   843 | D:2      | Reached XP level 3. HP: 24/29 MP: 3/3
  1193 | D:2      | Reached XP level 4. HP: 33/37 MP: 4/4
  1266 | D:2      | Reached skill level 3 in Maces & Flails
  1685 | D:2      | Found a blossoming altar of Fedhas.
  2376 | D:3      | Reached XP level 5. HP: 20/42 MP: 5/5
  2829 | D:3      | Reached XP level 6. HP: 38/48 MP: 6/6
  2971 | D:3      | Reached skill level 4 in Maces & Flails
  3125 | D:3      | Found an opulent altar of Gozag.
  3440 | D:4      | Noticed an ogre
  3454 | D:4      | Killed an ogre
  3454 | D:4      | Reached skill level 5 in Shields
  3454 | D:4      | Reached XP level 7. HP: 54/55 MP: 7/7
  3500 | D:4      | Found the +4 moon troll leather armour {Spirit, Regen++ MP+5}
  3605 | D:4      | Found Kysmaleu's Assorted Antiques.
  3909 | D:4      | Found a deep blue altar of Sif Muna.
  4116 | D:5      | Entered Level 5 of the Dungeon
  4228 | D:5      | Reached skill level 5 in Maces & Flails
  4250 | D:5      | Reached skill level 5 in Fighting
  4266 | D:5      | Reached skill level 5 in Armour
  4595 | D:5      | Found a glowing golden altar of the Shining One.
  4638 | D:5      | Reached XP level 8. HP: 62/62 MP: 8/8
  4668 | D:5      | Became a worshipper of the Shining One
  4964 | D:6      | Found a staircase to the Ecumenical Temple.
  5369 | D:6      | Found a glowing drain.
  5394 | Sewer    | Entered a sewer
  5612 | Sewer    | Reached skill level 6 in Maces & Flails
  5803 | D:6      | Noticed Sigmund
  5819 | D:6      | Killed Sigmund
  5820 | D:6      | Found a bloodstained altar of Trog.
  5853 | D:6      | Noticed Eustachio
  5880 | D:6      | Killed Eustachio
  5898 | D:6      | Reached XP level 9. HP: 39/68 MP: 7/9
  5971 | D:6      | Reached skill level 7 in Maces & Flails
  6218 | D:6      | Reached * piety under the Shining One
  6244 | D:6      | Found a runed door.
  6248 | D:6      | Noticed Crazy Yiuf
  6253 | D:6      | Killed Crazy Yiuf
  6511 | D:7      | Found a flagged portal.
  6538 | Bailey   | Entered a bailey
  6712 | Bailey   | Noticed an orc knight
  6820 | Bailey   | Got a fine plate armour
  7017 | D:7      | Noticed Prince Ribbit
  7024 | D:7      | Killed Prince Ribbit
  7024 | D:7      | Reached skill level 8 in Maces & Flails
  7027 | D:7      | Noticed Menkaure
  7036 | D:7      | Killed Menkaure
  7074 | D:7      | Got a pair of encrusted gloves
  7085 | D:7      | Identified the +2 pair of gloves of Geniah {rN+} (You found it on level 7 of the Dungeon)
  7462 | D:7      | Reached XP level 10. HP: 78/78 MP: 10/10
  7690 | D:8      | Found a staircase to the Lair.
  7724 | D:8      | Reached skill level 9 in Maces & Flails
  7891 | D:8      | Found a roughly hewn altar of Beogh.
  8147 | D:8      | Found an ancient bone altar of Kikubaaqudgha.
  8305 | D:8      | Reached ** piety under the Shining One
  8367 | D:8      | Found a shattered altar of Ashenzari.
  8509 | D:8      | Found a shadowy altar of Dithmenos.
  8628 | D:8      | You fall through a shaft for 3 floors!
  8628 | D:11     | Found a staircase to the Orcish Mines.
  8638 | D:10     | Entered Level 10 of the Dungeon
  8753 | D:10     | Noticed a two-headed ogre
  8761 | D:10     | Killed a two-headed ogre
  8761 | D:10     | Reached skill level 10 in Maces & Flails
  8830 | D:10     | Noticed daodarkstar's ghost (journeyman DsFi)
  8863 | D:10     | Reached XP level 11. HP: 86/86 MP: 11/11
  8879 | D:9      | Noticed a two-headed ogre
  8891 | D:9      | Killed a two-headed ogre
  9154 | Lair:1   | Entered Level 1 of the Lair of Beasts
  9207 | Lair:1   | Noticed an eight-headed hydra
  9235 | Lair:1   | Killed an eight-headed hydra
  9235 | Lair:1   | Reached skill level 11 in Maces & Flails
  9321 | Lair:1   | Noticed Grum
  9337 | Lair:1   | Killed Grum
  9535 | Lair:1   | Noticed jazmu's ghost (journeyman DsHu)
  9544 | Lair:1   | Killed jazmu's ghost
  9544 | Lair:1   | Reached *** piety under the Shining One
  9735 | Lair:1   | Noticed Joseph
  9749 | Lair:1   | Killed Joseph
 10053 | Lair:2   | Noticed Urug
 10063 | Lair:2   | Killed Urug
 10063 | Lair:2   | Reached XP level 12. HP: 78/97 MP: 12/12
 10183 | Lair:2   | Reached skill level 12 in Maces & Flails
 10183 | Lair:2   | Reached skill level 10 in Shields
 10268 | Lair:2   | Reached skill level 10 in Fighting
 10330 | Lair:2   | Reached skill level 10 in Armour
 10466 | Lair:2   | Found a staircase to the Shoals.
 10929 | Lair:3   | Noticed a death yak
 10930 | Lair:3   | Noticed a death yak
 10930 | Lair:3   | Noticed a death yak
 10930 | Lair:3   | Noticed a death yak
 10930 | Lair:3   | Noticed a death yak
 10931 | Lair:3   | Noticed a death yak
 10984 | Lair:3   | Killed a death yak
 10984 | Lair:3   | Reached skill level 13 in Maces & Flails
 10994 | Lair:3   | Killed a death yak
 11002 | Lair:3   | Killed a death yak
 11017 | Lair:3   | Killed a death yak
 11017 | Lair:3   | Reached XP level 13. HP: 56/105 MP: 4/13
 11172 | Lair:3   | Found a hole to the Spider Nest.
 11410 | Lair:3   | Noticed Sonja
 11414 | Lair:3   | Killed Sonja
 11753 | Lair:4   | Reached skill level 14 in Maces & Flails
 11806 | Lair:4   | Reached skill level 1 in Dodging
 12505 | Lair:5   | Noticed a six-headed hydra
 12515 | Lair:5   | Killed a six-headed hydra
 12715 | Lair:5   | Noticed an eight-headed hydra
 12722 | Lair:5   | Killed an eight-headed hydra
 13412 | Lair:6   | Entered Level 6 of the Lair of Beasts
 13460 | Lair:6   | Reached **** piety under the Shining One
 13493 | Lair:6   | Reached XP level 14. HP: 86/116 MP: 12/14
 13821 | Lair:6   | Slain by a catoblepas

Skill      XL: |  1  2  3  4  5  6  7  8  9 10 11 12 13 14 |
---------------+-------------------------------------------+-----
Shields        | 4 5 6 7 9 10 | 10.0
Maces & Flails | 3 4 5 6 8 10 11 13 14 | 14.0
Fighting       | 4 5 6 7 8 9 10 12 | 12.5
Armour         | 4 5 7 8 9 10 12 | 12.5
Dodging        | 3 4 |  4.4

Action                   |  1- 3 |  4- 6 |  7- 9 | 10-12 | 13-15 || total
-------------------------+-------+-------+-------+-------+-------++-------
Melee: Flail             |    78 |   213 |   248 |       |       ||   539
       Morningstar       |       |       |   141 |   519 |   311 ||   971
Throw: Stone             |       |       |    35 |       |       ||    35
 Abil: Dig               |     7 |     8 |    13 |     2 |       ||    30
Evoke: Sack of spiders   |       |       |       |     1 |       ||     1
  Use: Scroll            |     3 |     3 |     5 |     5 |     3 ||    19
       Potion            |       |       |       |     3 |       ||     3
  Eat: Chunk             |     2 |     5 |    12 |    15 |     9 ||    43
       Ration            |       |     1 |     1 |       |       ||     2
Armor: Scale mail        |    15 |       |       |       |       ||    15
       Ring mail         |     9 |    58 |    26 |       |       ||    93
       Troll leather arm |       |       |    87 |   118 |    92 ||   297
Dodge: Dodged            |    27 |    68 |   144 |   147 |    87 ||   473
Block: Shield            |    32 |   196 |   418 |   407 |   197 ||  1250
       Reflection        |       |     4 |    19 |     4 |     3 ||    30
